 Dungeon Crawl Stone Soup version 0.32-a0-768-g0f6f1dd4b9 (webtiles) character file.

Game seed: 17274373478437983775

7199 Fodor the Cleaver (level 10, -2/91 HPs)
             Began as a Minotaur Fighter on Mar 18, 2024.
             Was an Initiate of Gozag.
             Slain by a sixfirhy (12 damage)
             ... summoned by a kobold demonologist
             ... on level 10 of the Dungeon.
             The game lasted 00:32:25 (8181 turns).

Fodor the Cleaver (Minotaur Fighter)                Turns: 8181, Time: 00:32:25

Health: -2/91      AC: 15    Str: 29      XL:     10   Next: 87%
Magic:  9/9        EV: 14    Int:  4      God:    Gozag
Gold:   876        SH:  0    Dex:  8 (9)  Spells: 9/9 levels left

rFire   . . .        a - +0 war axe
rCold   . . .        (no shield)
rNeg    + . .        b - +2 chain mail {rN+}
rPois   .            (helmet restricted)
rElec   .            (no cloak)
rCorr   .            t - +0 pair of gloves
SInv    .            (no boots)
Will    +....        (no amulet) Stlth
                     d - +5 ring of evasion
HPRegen 0.35/turn    D - ring of willpower
MPRegen 0.11/turn

%: no passive effects
@: gold aura
A: horns 2, retaliatory headbutt, strong 1
a: Renounce Religion, Potion Petition, Call Merchant, Bribe Branch


You were on level 10 of the Dungeon.
You worshipped Gozag.
Gozag was pleased with you.
You visited 2 branches of the dungeon, and saw 11 of its levels.

You collected 1216 gold pieces.
You spent 258 gold pieces at shops.
You paid 82 gold pieces to Gozag.

Inventory:

Hand Weapons
 a - a +0 war axe (weapon)
 B - a +0 shortbow
 M - a +0 arbalest
Missiles
 G - 7 boomerangs (quivered)
Armour
 b - a +2 chain mail of positive energy (worn)
 c - a +0 buckler
 t - a +0 pair of gloves (worn)
 H - a +0 plate armour
Jewellery
 d - a +5 ring of evasion (left hand)
 D - a ring of willpower (right hand)
 F - a ring of see invisible
 I - a ring of positive energy
 K - a ring of positive energy
Talismans
 n - a blade talisman
Wands
 p - a wand of flame (31)
 E - a wand of quicksilver (10)
 L - a wand of warping (17)
Scrolls
 e - a scroll of enchant armour {unknown}
 i - 8 scrolls of teleportation
 j - 2 scrolls of butterflies
 l - a scroll of revelation {unknown}
 m - a scroll of vulnerability {unknown}
 o - 2 scrolls of immolation
 r - 6 scrolls of enchant weapon
 s - a scroll of silence {unknown}
 w - 2 scrolls of blinking
 x - 3 scrolls of fear {unknown}
 y - 3 scrolls of fog
 A - a scroll of amnesia {unknown}
Potions
 f - 4 potions of haste
 g - a potion of resistance
 h - 2 potions of mutation
 k - 2 potions of attraction
 u - 2 potions of curing
 v - a potion of magic {unknown}
 z - a potion of degeneration {unknown}
 C - 3 potions of brilliance {unknown}
 J - 2 potions of lignification


   Skills:
 + Level 9.1 Fighting
 + Level 13.3 Axes
 + Level 0.1 Ranged Weapons
 + Level 1.5 Throwing
 + Level 10.3 Armour
 + Level 3.6 Dodging
 + Level 1.7 Stealth
 + Level 7.0 Shields


You had 9 spell levels left.
You didn't know any spells.
Your spell library contained the following spells:

 Spells                   Type           Power      Damage    Failure   Level
 Sandblast                Erth           0%         2d4       88%         1
 Lesser Beckoning         Tloc           0%         N/A       96%         2
 Scorch                   Fire           0%         2d5       96%         2
 Gell's Gravitas          Tloc           0%         N/A       99%         3
 Stone Arrow              Conj/Erth      0%         3d7       99%         3
 Teleport Other           Tloc           0%         N/A       99%         3
 Brom's Barrelling Bould  Conj/Erth      0%         2d3       100%        4
 Flame Wave               Conj/Fire      0%         2d4       100%        4
 Summon Cactus Giant      Summ           0%         N/A       100%        6


Dungeon Overview and Level Annotations

Branches:
Dungeon (10/15)            Temple (1/1) D:5            Lair (0/5) D:8
    Orc: D:9-12

Altars:
Ashenzari
Cheibriados
Dithmenos
Elyvilon
Fedhas
Gozag
Makhleb
Nemelex Xobeh
Okawaru
Ru
Sif Muna
Trog
Uskayaw
Vehumet
Wu Jian
Xom
Yredelemnul
Zin

Shops:
D:3 !   D:8 ?


Innate Abilities, Weirdness & Mutations

You have a pair of horns on your head.
You reflexively headbutt those who attack you in melee.
Your muscles are strong. (Str +4, Int/Dex -1)


Message History

The kobold demonologist is no longer distracted by gold.
The sixfirhy hits you but does no damage.
The sixfirhy hits you. The sixfirhy shocks you!
* * * LOW HITPOINT WARNING * * *
The quasit bites you but does no damage.
The quasit closely misses you. The quasit misses you.
The kobold demonologist hits you but does no damage.
The kobold brigand hits you with a +0 dagger.
* * * LOW HITPOINT WARNING * * *
You closely miss the kobold demonologist.
The kobold demonologist is almost dead.
You barely miss the quasit. You slash the sixfirhy!
You slash the kobold brigand!
The ice devil disappears in a puff of smoke!
The quasit bites you but does no damage.
The quasit claws you but does no damage.
The quasit closely misses you.
The iron imp shouts, "Turn tail, thou hateful pigeon-egg slime mould!"
The kobold demonologist gestures wildly while chanting.
The kobold demonologist looks encouraged for a moment.
The kobold brigand closely misses you.
You barely miss the kobold demonologist.
You headbutt the kobold demonologist.
You kill the kobold demonologist!
The iron imp disappears in a puff of smoke!
The crimson imp disappears in a puff of smoke!
The iron imp disappears in a puff of smoke!
You barely miss the quasit. You hit the sixfirhy.
You hit the kobold brigand but do no damage.
The quasit bites you.
* * * LOW HITPOINT WARNING * * *
You feel clumsy. The quasit barely misses you. x2
The kobold brigand hits you with a +0 dagger.
* * * LOW HITPOINT WARNING * * *
The sixfirhy hits you.
* * * LOW HITPOINT WARNING * * *
The sixfirhy shocks you!
You die...
Your body crumbles into a pile of gold.

##...$.....#.
.....$.....
#...<.....
#........#
#....K...#
#...35K4.#
#..55.K§.#
#3$§.# #@...#
#....#
######..§.#
#.......§.#
#.........#
#.........#
#..#####..#
#..# ..# #..#
..#


You could see a sun demon (summoned), a kobold demonologist, a sixfirhy
(summoned), a red devil (summoned), a kobold brigand, a quasit (summoned), an
ufetubus (summoned) and a kobold.

Vanquished Creatures
  2 death yaks (D:8)
  A two-headed ogre (D:8)
  Jeremiah (D:8)
  A kobold demonologist (D:10)
  The ghost of Biggs the Magician, a novice DjCj (D:4)
  2 trolls (D:9)
  A hornet (D:8)
  Grinder (D:4)
  A blink frog (D:8)
  7 yaks (D:8)
  Menkaure (D:4)
  3 orc warriors
  2 ice beasts (D:7)
  A black bear (D:5)
  An ogre (D:5)
  2 centaurs
  A phantom (D:5)
  8 bullfrogs
  2 gnoll sergeants
  A scorpion (D:7)
  4 killer bees (D:8)
  A howler monkey (D:9)
  3 bombardier beetles
  3 orc priests
  2 jellies
  2 iguanas (D:5)
  A sleepcap (D:5)
  Natasha (twice) (D:4)
  5 orc wizards
  Robin (D:2)
  8 gnolls
  8 adders
  2 shadow imps
  A white imp (D:7)
  4 ufetubi (D:5)
  3 dart slugs
  A ribbon worm (D:5)
  18 orcs
  10 ball pythons
  6 bats
  6 endoplasms
  2 giant cockroaches
  16 goblins
  10 hobgoblins
  2 quokkas (D:1)
  A frilled lizard (D:2)
  7 kobolds
  3 rats
172 creatures vanquished.

Notes
Turn   | Place    | Note
-------+----------+-------------------------------------------
     0 | D:1      | Fodor the Minotaur Fighter began the quest for the Orb.
     0 | D:1      | Reached XP level 1. HP: 19/19 MP: 0/0
   259 | D:1      | Reached XP level 2. HP: 27/27 MP: 1/1
   577 | D:2      | Noticed Robin
   593 | D:2      | Reached skill level 3 in Axes
   595 | D:2      | Killed Robin
   596 | D:2      | Reached XP level 3. HP: 17/34 MP: 2/2
   914 | D:2      | Reached XP level 4. HP: 41/41 MP: 3/3
  1165 | D:2      | Reached skill level 4 in Axes
  1699 | D:3      | Found Pochizxa's Distillery.
  2127 | D:4      | Found a runed translucent door.
  2131 | D:4      | Noticed Biggs's ghost (novice DjCj)
  2169 | D:4      | Found a radiant altar of Vehumet.
  2172 | D:4      | Noticed a bullfrog
  2183 | D:4      | Killed a bullfrog
  2184 | D:4      | Reached XP level 5. HP: 19/47 MP: 4/4
  2359 | D:4      | Noticed Menkaure
  2365 | D:4      | Killed Menkaure
  2366 | D:4      | Reached skill level 5 in Fighting
  2366 | D:4      | Reached skill level 5 in Axes
  2366 | D:4      | Reached XP level 6. HP: 35/56 MP: 5/5
  2483 | D:4      | Noticed Grinder
  2502 | D:4      | Killed Grinder
  2503 | D:4      | Reached skill level 6 in Axes
  2503 | D:4      | Reached skill level 5 in Armour
  2503 | D:4      | Reached skill level 1 in Dodging
  2503 | D:4      | Reached XP level 7. HP: 18/61 MP: 6/6
  2723 | D:4      | Found a blossoming altar of Fedhas.
  2723 | D:4      | Found an ornate altar of the Wu Jian Council.
  2723 | D:4      | Found a sparkling altar of Nemelex Xobeh.
  2729 | D:4      | Found a basalt altar of Yredelemnul.
  2856 | D:4      | Noticed Natasha
  2859 | D:4      | Killed Natasha
  2966 | D:4      | Killed Biggs's ghost
  2967 | D:4      | Reached skill level 7 in Axes
  3181 | D:4      | Noticed Natasha
  3189 | D:4      | Killed Natasha
  3344 | D:5      | Entered Level 5 of the Dungeon
  3490 | D:5      | Reached XP level 8. HP: 69/70 MP: 7/7
  3498 | D:5      | Found a staircase to the Ecumenical Temple.
  3511 | Temple   | Entered the Ecumenical Temple
  3518 | Temple   | Became a worshipper of Gozag Ym Sagoz the Greedy
  3908 | D:5      | Reached skill level 8 in Axes
  3950 | D:5      | Found a glowing silver altar of Zin.
  4098 | D:5      | Found a broken altar of Ashenzari.
  4183 | D:5      | Reached skill level 5 in Shields
  4211 | D:5      | Found a white marble altar of Elyvilon.
  4799 | D:6      | Found a shadowy altar of Dithmenos.
  4880 | D:6      | Found a sacrificial altar of Ru.
  5435 | D:7      | Reached skill level 9 in Axes
  5518 | D:7      | Found a burning altar of Makhleb.
  5693 | D:7      | Reached XP level 9. HP: 49/78 MP: 8/8
  6153 | D:8      | Noticed Jeremiah
  6163 | D:8      | Killed Jeremiah
  6164 | D:8      | Reached skill level 10 in Axes
  6285 | D:8      | Reached skill level 1 in Stealth
  6307 | D:8      | Reached skill level 11 in Axes
  6396 | D:8      | Reached skill level 1 in Throwing
  6461 | D:8      | Noticed a death yak
  6463 | D:8      | Found a staircase to the Lair.
  6464 | D:8      | Noticed a death yak
  6470 | D:8      | Gained mutation: Your muscles are strong. (Str +4, Int/Dex
                  | -1) [potion of mutation]
  6470 | D:8      | HP: 3/80 [bullfrog (2)]
  6487 | D:8      | Killed a death yak
  6488 | D:8      | Reached XP level 10. HP: 37/88 MP: 9/9
  6495 | D:8      | Killed a death yak
  6496 | D:8      | Reached skill level 12 in Axes
  6848 | D:3      | Bought a potion of curing for 36 gold pieces
  6848 | D:3      | Bought a potion of heal wounds for 60 gold pieces
  7025 | D:8      | Found Beatigecid's Magic Scroll Shoppe.
  7032 | D:8      | Bought a scroll of identify for 24 gold pieces
  7032 | D:8      | Bought a scroll of enchant weapon for 90 gold pieces
  7032 | D:8      | Bought a scroll of identify for 24 gold pieces
  7032 | D:8      | Bought a scroll of identify for 24 gold pieces
  7154 | D:8      | Noticed a two-headed ogre
  7162 | D:8      | Killed a two-headed ogre
  7516 | D:9      | Reached skill level 10 in Armour
  7545 | D:9      | Reached skill level 13 in Axes
  8107 | D:10     | Entered Level 10 of the Dungeon
  8173 | D:10     | Noticed a sun demon
  8175 | D:10     | Noticed a sixfirhy
  8181 | D:10     | Slain by a sixfirhy

Illustrated notes

Levels and vault maps discovered:
D:1:      erik_arrival_triangle_medium, layout_basic, minmay_crystal_room,
          nicolae_concentric_dashed_squares_mild
D:2:      layout_rooms, uniq_robin
D:3:      layout_basic, serial_shops, nicolae_shop_industrial_runoff
D:4:      layout_gridville, minitemple, vehumet_altar_wand_db,
          ebering_ghost_reflecting_pool, uniq_menkaure, uniq_grinder,
          uniq_natasha
D:5:      layout_basic, mainiacjoe_overflow_chevrons, lemuel_tele_altar,
          general_overflow_altar, temple_fountains, kennysheep_nub
D:6:      layout_rooms, nicolae_ru_the_path_less_chosen,
          nicolae_dithmenos_through_a_glass_darkly
D:7:      layout_basic, bloody_makhleb
D:8:      layout_loops_cross, dpeg_lair_monsters, serial_shops, shop,
          uniq_jeremiah
D:9:      layout_loops_cross
D:10:     minmay_tri_box, layout_irregular_city,
          mainiacjoe_overflow_surrounded_room, grunt_temple_overflow_open,
          serial_shops, nicolae_shop_rolling_square, amethyst_killhole,
          nicolae_blasting_shop
Temple:   nicolae_temple_ecumenical_triangle

Skill      XL: |  1  2  3  4  5  6  7  8  9 10 |
---------------+-------------------------------+-----
Fighting       | 4 5 6 8 9 |  9.1
Axes           | 3 4 5 6 7 9 11 13 | 13.3
Shields        | 4 5 6 7 |  7.0
Armour         | 4 5 6 8 9 10 | 10.3
Dodging        | 1 2 3 |  3.6
Stealth        | 1 |  1.7
Throwing       | 1 |  1.5
Ranged Weapons | |  0.1

Action                     |  1- 3 |  4- 6 |  7- 9 | 10-12 || total
---------------------------+-------+-------+-------+-------++-------
  Melee: War axe           |    54 |    79 |   228 |    83 ||   444
         Headbutt          |     9 |     9 |    46 |    22 ||    86
   Fire: Arbalest          |       |       |       |     4 ||     4
  Throw: Boomerang         |       |       |     4 |     2 ||     6
    Use: Scroll            |       |     1 |       |     5 ||     6
         Potion            |       |     1 |     6 |     3 ||    10
   Stab: Distracted        |       |       |       |     2 ||     2
 Armour: Scale mail        |    48 |    54 |       |       ||   102
         Chain mail        |       |    33 |   153 |    61 ||   247
  Dodge: Dodged            |    32 |    44 |   139 |    64 ||   279
  Block: Buckler           |    19 |    22 |    52 |    15 ||   108

Table legend: (Time is in decaauts)
 A = Elapsed time spent in this place.
 B = Non-inter-level travel time spent in this place.
 C = Inter-level travel time spent in this place.
 D = Time resting spent in this place.
 E = Time spent auto-exploring this place.
 F = Levels seen in this place.
 G = Mean time per level.
                   A        B        C        D        E       F      G
               +--------+--------+--------+--------+--------+-----+--------+
         Total |   8246 |   7851 |    395 |   1094 |   4416 |  11 |  749.6 |
       Dungeon |   7925 |   7530 |    395 |    794 |   4416 |  10 |  792.5 |
        Temple |    320 |    320 |      0 |    300 |      0 |   1 |  320.0 |
               +--------+--------+--------+--------+--------+-----+--------+

Top non-repeatable levels by time:
     D:4: 1352 daAuts
     D:5: 1147 daAuts
     D:8: 1052 daAuts
     D:3: 905 daAuts
     D:7: 811 daAuts
     D:6: 690 daAuts
     D:9: 665 daAuts
     D:2: 638 daAuts
     D:1: 585 daAuts
  Temple: 320 daAuts
    D:10: 75 daAuts
